 Dungeon Crawl Stone Soup version 0.31-a0-806-g0bc164a743 (webtiles) character file.

Game seed: 5132186044575384644

114 arthad the Digger (level 4, -4/24 HPs)
             Began as a Deep Elf Earth Elementalist on Sept 20, 2023.
             Killed by divine providence
             ... invoked by an orc priest
              (12 damage)
             ... on level 3 of the Dungeon.
             The game lasted 00:02:51 (1976 turns).

arthad the Digger (Deep Elf Earth Elementalist)     Turns: 1976, Time: 00:02:51

Health: -4/24      AC:  3    Str:  5    XL:     4   Next: 66%
Magic:  1/11       EV: 12    Int: 22    God:
Gold:   112        SH:  0    Dex: 15    Spells: 6/10 levels left

rFire   . . .        l - +0 short sword (venom)
rCold   . . .        (no shield)
rNeg    . . .        k - +0 troll leather armour
rPois   .            (no helmet)
rElec   .            (no cloak)
rCorr   .            (no gloves)
SInv    .            (no boots)
Will    .....        (no amulet)
Stlth   ++           (no ring)
HPRegen 1.04/turn    (no ring)
MPRegen 0.12/turn

%: no passive effects
@: no status effects
A: no striking features
a: no special abilities


You were on level 3 of the Dungeon.
You visited 1 branch of the dungeon, and saw 3 of its levels.

You collected 112 gold pieces.

Inventory:

Hand Weapons
 l - a +0 short sword of venom (weapon)
Missiles
 m - 5 boomerangs
Armour
 a - a +0 robe
 k - a +0 troll leather armour (worn)
Magical Staves
 o - a staff of fire
Jewellery
 d - an amulet of reflection
 r - a ring of protection from cold
Scrolls
 c - a scroll of teleportation {unknown}
 e - a scroll of acquirement {unknown}
 j - a scroll of blinking {unknown}
 q - 2 scrolls of enchant weapon {unknown}
Potions
 b - 2 potions of magic
 f - a potion of curing {unknown}
 g - a potion of cancellation {unknown}
 h - a potion of ambrosia {unknown}
 i - a potion of might {unknown}
 n - a potion of invisibility {unknown}
 p - a potion of brilliance {unknown}


   Skills:
 + Level 0.4 Fighting
 + Level 0.4 Armour
 + Level 3.1 Dodging
 + Level 3.5 Stealth
 * Level 3.9 Spellcasting
 * Level 0.9 Conjurations
 + Level 2.1 Transmutations
 * Level 3.9 Earth Magic


You had 6 spell levels left.
You knew the following spells:

 Your Spells              Type           Power      Damage    Failure   Level
a - Sandblast             Erth           42%        2d11      3%          1
b - Stone Arrow           Conj/Erth      28%        3d8       22%         3

Your spell library contained the following spells:

 Spells                   Type           Power      Damage    Failure   Level
 Passwall                 Tmut/Erth      14%        N/A       9%          2
 Petrify                  Tmut/Erth      17%        N/A       47%         4
 Brom's Barrelling Bould  Conj/Erth      14%        2d4       56%         4
 Vhi's Electric Charge    Tloc/Air       8%         N/A       88%         4
 Arcjolt                  Conj/Air       3%         1d13      99%         5
 Maxwell's Capacitive Co  Air            2%         ∞         100%        8


Dungeon Overview and Level Annotations

Branches:
Dungeon (3/15)

Altars:

Shops:
D:2 [


Message History

Aim: an orc priest, wielding a +0 club and wearing a +0 chain mail (moderately wounded, 87% to hit)
The blast of sand hits the orc priest but does no damage.
The orc priest is moderately wounded.
The orc priest begins to cast a cantrip, but forgets the words!
Aiming: Sandblast (safe; 3% risk of failure)
Press: ? - help, Q - select action, (/) - cycle Shift-Dir - straight line, f/p - orc priest
Aim: an orc priest, wielding a +0 club and wearing a +0 chain mail (moderately wounded, 87% to hit)
The blast of sand hits the orc priest but does no damage.
The orc priest is moderately wounded.
The orc priest hits you with a +0 club.
The orc priest hits you but does no damage.
Your magical contamination has completely faded away.
Aiming: Sandblast (safe; 3% risk of failure)
Press: ? - help, Q - select action, (/) - cycle Shift-Dir - straight line, f/p - orc priest
Aim: an orc priest, wielding a +0 club and wearing a +0 chain mail (moderately wounded, 87% to hit)
The blast of sand hits the orc priest but does no damage.
The orc priest is moderately wounded.
The orc priest misses you.
Aiming: Sandblast (safe; 3% risk of failure)
Press: ? - help, Q - select action, (/) - cycle Shift-Dir - straight line, f/p - orc priest
Aim: an orc priest, wielding a +0 club and wearing a +0 chain mail (moderately wounded, 87% to hit)
The blast of sand hits the orc priest!
The orc priest is severely wounded.
The orc priest hits you with a +0 club. The orc priest barely misses you.
Aiming: Sandblast (safe; 3% risk of failure)
Press: ? - help, Q - select action, (/) - cycle Shift-Dir - straight line, f/p - orc priest
Aim: an orc priest, wielding a +0 club and wearing a +0 chain mail (severely wounded, 87% to hit)
The blast of sand hits the orc priest but does no damage.
The orc priest is severely wounded.
The orc priest hits you with a +0 club.
* * * LOW HITPOINT WARNING * * *
Aiming: Sandblast (safe; 3% risk of failure)
Press: ? - help, Q - select action, (/) - cycle Shift-Dir - straight line, f/p - orc priest
Aim: an orc priest, wielding a +0 club and wearing a +0 chain mail (severely wounded, 87% to hit)
The blast of sand hits the orc priest but does no damage.
The orc priest is severely wounded.
The orc priest mumbles some strange prayers to Beogh against you.
Beogh smites you!
Ouch! That really hurt!
You die...

######..... <......#
###....# .......+
)......# # .......# #$
.......# #..
###....#####...######
#..........+...o@...##..#
#.##########...##..)....#
#.# #.. #.#.##.## #.# #.
#.#.# #.# # #.#.# #.#
#.#.# #.# #.#.# #.# #.#.#
#.###############.#.#


You could see an orc priest.

Vanquished Creatures
  Jessica (D:2)
  2 adders (D:2)
  3 dart slugs (D:1)
  3 orcs (D:3)
  5 endoplasms
  3 giant cockroaches
  6 goblins
  3 hobgoblins
  5 jackals
  8 kobolds
  2 quokkas (D:2)
  3 ball pythons
  4 bats (D:1)
  3 frilled lizards
  6 rats
57 creatures vanquished.

Notes
Turn   | Place    | Note
-------+----------+-------------------------------------------
     0 | D:1      | arthad the Deep Elf Earth Elementalist began the quest for
                  | the Orb.
     0 | D:1      | Reached XP level 1. HP: 10/10 MP: 6/6
   132 | D:1      | Reached XP level 2. HP: 15/15 MP: 6/8
   449 | D:1      | You fall into a shaft and drop 1 floor!
   541 | D:2      | Reached XP level 3. HP: 19/19 MP: 6/9
  1205 | D:1      | Learned a level 3 spell: Stone Arrow
  1254 | D:2      | Reached XP level 4. HP: 23/24 MP: 4/11
  1429 | D:2      | Noticed Jessica
  1435 | D:2      | Killed Jessica
  1588 | D:2      | Found Popiles's Armour Emporium.
  1976 | D:3      | Killed from afar by an orc priest

Illustrated notes

Levels and vault maps discovered:
D:1:      amcnicky_arrival_gap_in_the_tavern_cellar, layout_basic
D:2:      minmay_recursive_quarters, layout_basic, serial_shops, shop,
          solitary_fountain, uniq_jessica
D:3:      layout_basic, pdpol_temple_overflow_zin_treasury_gozag_greed,
          gammafunk_ghost_grave

Skill      XL: |  1  2  3 |
---------------+----------+-----
Stealth        | 3 |  3.5
Dodging        | 3 |  3.1
Transmutations | 2 |  2.1
Fighting       | |  0.4
Armour         | |  0.4
Spellcasting   | |  3.9
Conjurations   | |  0.9
Earth Magic    | |  3.9

Action                     |  1- 3 |  4- 6 || total
---------------------------+-------+-------++-------
  Melee: Unarmed           |     1 |       ||     1
   Cast: Sandblast         |    58 |    29 ||    87
 Armour: Robe              |     6 |       ||     6
         Troll leather arm |     2 |     9 ||    11
  Dodge: Dodged            |    15 |    14 ||    29

Table legend: (Time is in decaauts)
 A = Elapsed time spent in this place.
 B = Non-inter-level travel time spent in this place.
 C = Inter-level travel time spent in this place.
 D = Time resting spent in this place.
 E = Time spent auto-exploring this place.
 F = Levels seen in this place.
 G = Mean time per level.
                   A        B        C        D        E       F      G
               +--------+--------+--------+--------+--------+-----+--------+
         Total |   2018 |   1986 |     32 |      0 |   1669 |   3 |  672.7 |
       Dungeon |   2018 |   1986 |     32 |      0 |   1669 |   3 |  672.7 |
               +--------+--------+--------+--------+--------+-----+--------+

Top non-repeatable levels by time:
     D:1: 976 daAuts
     D:2: 964 daAuts
     D:3: 77 daAuts
